 Dungeon Crawl Stone Soup version 0.21.1-1-g345015f (webtiles) character file.

32 Kairos the Charmwright (level 3, 15/27 HPs)
             Began as a Demonspawn Skald on Mar 26, 2018.
             Got out of the dungeon alive.
             The game lasted 00:01:42 (704 turns).

Kairos the Charmwright (Demonspawn Skald)            Turns: 704, Time: 00:01:43

Health: 15/27      AC:  6    Str: 12    XL:     3   Next: 8%
Magic:  6/6        EV:  9    Int: 14    God:
Gold:   35         SH:  7    Dex: 12    Spells: 5/6 levels left

rFire    . . .     SeeInvis .   a - +0 mace
rCold    . . .     Gourm    .   f - +1 shield {AC+3}
rNeg     . . .     Faith    .   b - +0 leather armour
rPois    .         Spirit   .   (no helmet)
rElec    .         Reflect  .   (no cloak)
rCorr    .         Harm     .   (no gloves)
MR       .....                  (no boots)
Stlth    +.........             (no amulet)
HPRegen  0.09/turn              (no ring)
MPRegen  0.10/turn              (no ring)

@: no status effects
A: hooves 1, spiny 1
a: no special abilities


You escaped.
You were not hungry.

You visited 1 branch of the dungeon, and saw 1 of its levels.

You collected 35 gold pieces.

Inventory:

Hand Weapons
 a - a +0 mace (weapon)
Armour
 b - a +0 leather armour (worn)
 f - a +1 shield of protection (worn)
Jewellery
 i - a +3 ring of strength {unknown}
Scrolls
 e - a scroll of remove curse {unknown}
 g - a scroll of fog {unknown}
 h - a scroll of identify {unknown}
Potions
 j - a potion of magic {unknown}
Books
 c - a book of Battle

   Spells                             Type                      Level
   a - Infusion                       Charms                       1
   b - Shroud of Golubria             Charms/Translocation         2
   c - Song of Slaying                Charms                       2
   d - Spectral Weapon                Hexes/Charms                 3
   e - Regeneration                   Charms/Necromancy            3
Comestibles
 d - 3 rations


   Skills:
 + Level 2.1 Fighting
 + Level 2.0 Maces & Flails
 + Level 0.9 Armour
 + Level 2.1 Dodging
 + Level 2.1 Spellcasting
 + Level 3.2 Charms


You had 5 spell levels left.
You knew the following spells:

 Your Spells              Type           Power        Failure   Level  Hunger
a - Infusion              Chrm           ##..         47%         1    #......


Dungeon Overview and Level Annotations

Branches:
Dungeon (1/15)

Altars:


Innate Abilities, Weirdness & Mutations

You have large cloven feet.
You are partially covered in sharp spines.


Message History

You have reached level 3!
Your experience leads to an increase in your attributes!
Increase (S)trength, (I)ntelligence, or (D)exterity?
You feel stronger.
Your demonic ancestry asserts itself...
Sharp spines emerge from parts of your body.
The kobold throws a stone.
The stone hits you but does no damage. You block the kobold's attack.
You see here a stone.
Your shield and leather armour prevent you from hitting the kobold.
You kick the kobold.
The kobold is severely wounded.
The kobold hits you. You block the kobold's attack.
You hit the kobold.
You kill the kobold!
You see here a kobold corpse.
You see here a frilled lizard corpse.
Found a scroll labeled KEPPEC NATUYPH.
There is a staircase leading out of the dungeon here.
Are you sure you want to leave the Dungeon?
This will make you lose the game!
You have escaped!

.# #(######.#.##.# #.# #. .#
######.#≈≈≈≈≈≈)≈≈≈≈###.# #. .#
##...##.≈≈≈≈≈≈≈≈≈≈≈≈≈##.#####.
.###.###..≈≈≈≈≈≈≈≈≈≈≈≈≈≈≈#.......
.##.## ##≈≈≈8≈≈≈≈≈≈≈≈8≈≈≈###.....
.##.# ##≈≈≈≈≈≈≈≈≈≈.≈≈≈≈≈# #.##..
.##.## #.≈≈≈≈≈≈≈≈≈.≈.≈≈≈≈###.##.#
####.###..≈≈≈≈≈≈≈.≈≈≈.≈≈≈....##.#
# ###....≈.≈≈≈≈≈@.≈≈≈≈.≈≈######.#
# #....##≈≈.≈≈≈≈.>≈≈≈≈≈.≈# #.# #
#.#####≈≈≈.≈≈≈[≈≈≈≈≈≈≈.## #.# #
#.# #≈≈≈≈.≈.≈≈≈≈≈≈≈≈≈.# #.# # #.#
#≈≈≈≈≈.≈≈≈≈≈≈≈≈≈≈.# #.# ###.##
#≈≈≈8≈≈≈≈≈≈≈≈8≈≈≈.##### ##...#
##≈≈≈≈≈≈≈≈≈≈≈≈≈≈≈.....# .....#
##≈≈≈≈≈≈≈≈≈≈≈≈≈#####.# .#...#
##≈≈≈≈≈≈≈≈≈≈#.# #.#


There were no monsters in sight!

Vanquished Creatures
  3 oozes (D:1)
  A bat (D:1)
  2 giant cockroaches (D:1)
  A hobgoblin (D:1)
  4 frilled lizards (D:1)
  4 goblins (D:1)
  5 kobolds (D:1)
  A rat (D:1)
21 creatures vanquished.

Notes
Turn   | Place    | Note
-------+----------+-------------------------------------------
     0 | D:1      | Kairos the Demonspawn Skald began the quest for the Orb.
     0 | D:1      | Reached XP level 1. HP: 16/16 MP: 3/3
   152 | D:1      | Reached skill level 3 in Charms
   155 | D:1      | Gained mutation: You have large cloven feet. [demonic ancestry]
   155 | D:1      | Reached XP level 2. HP: 12/22 MP: 5/5
   659 | D:1      | Gained mutation: You are partially covered in sharp spines. [demonic ancestry]
   659 | D:1      | Reached XP level 3. HP: 13/27 MP: 6/6
   704 | D:$      | Got out of the dungeon alive.

Skill      XL: |  1  2 |
---------------+-------+-----
Charms         | 3 |  3.2
Maces & Flails | 2 |  2.0
Dodging        | 2 |  2.1
Fighting       | |  2.1
Armour         | |  0.9
Spellcasting   | |  2.1

Action                   || total
-------------------------++-------
Melee: Mace              ||    57
       Kick              ||     7
 Cast: Infusion          ||     1
Armor: Leather armour    ||    29
Dodge: Dodged            ||    41
Block: Shield            ||    20
